 Dungeon Crawl Stone Soup version 0.24-a0-280-g7cec4da (webtiles) character file.

Game seed: 13608940802985965107

4207 Gunnerkreig the Magician (level 10, 0/102 HPs)
             Began as an Octopode Wizard on May 12, 2019.
             Was an Initiate of Vehumet.
             Slain by a bullfrog (6 damage)
             ... on level 8 of the Dungeon on May 13, 2019.
             The game lasted 00:24:11 (10601 turns).

Gunnerkreig the Magician (Octopode Wizard)         Turns: 10601, Time: 00:24:11

Health: 0/102      AC:  2    Str: 12    XL:     10   Next: 29%
Magic:  11/21      EV: 15    Int: 23    God:    Vehumet [......]
Gold:   338        SH:  0    Dex: 11    Spells: 13/24 levels left

rFire    . . .     SeeInvis .   H - +5 falchion (venom)
rCold    . . .     Gourm    .   (no shield)
rNeg     + . .     Faith    .   a - +1 hat
rPois    .         Spirit   .   (no amulet)
rElec    .         Reflect  .   B - ring of resist corrosion
rCorr    +         Harm     .   w - ring of positive energy
MR       .....                  (no ring)
Stlth    ..........             (no ring)
HPRegen  0.27/turn              (no ring)
MPRegen  0.17/turn              (no ring)
                                (no ring)
                                (no ring)

@: mighty, berserking, very quick
A: almost no armour, stealthy swim, amphibious, 8 rings, constrict 8, camouflage
1, gelatinous body 1
a: Renounce Religion


You were on level 8 of the Dungeon.
You worshipped Vehumet.
Vehumet was noncommittal.
You were not hungry.

You visited 2 branches of the dungeon, and saw 9 of its levels.
You also visited: Sewer.

You collected 338 gold pieces.

Inventory:

Hand Weapons
 G - a +1 trident of venom
 H - a +5 falchion of venom (weapon)
Missiles
 e - 203 stones
 m - a throwing net
 u - 18 tomahawks (quivered)
 A - 29 sling bullets
 C - 3 tomahawks of dispersal
Armour
 a - a +1 hat (worn)
Jewellery
 w - a ring of positive energy (right tentacle)
 B - a ring of resist corrosion (left tentacle)
Wands
 k - a wand of paralysis (12)
 F - a wand of acid (10)
Scrolls
 b - 6 scrolls of remove curse
 d - 2 scrolls of fear
 j - 2 scrolls of identify
 l - 2 scrolls of teleportation
 n - 2 scrolls of amnesia
 z - 2 scrolls of magic mapping
Potions
 g - a potion of heal wounds
 h - 3 potions of haste
 o - a potion of flight
 p - 4 potions of brilliance
 s - a potion of cancellation
 t - 2 potions of lignification
 x - a potion of curing
 D - a potion of mutation
 E - a potion of berserk rage
Comestibles
 c - 22 rations


   Skills:
 + Level 6.1 Fighting
 + Level 4.9 Dodging
 + Level 7.2 Stealth
 * Level 7.8 Spellcasting
 - Level 6.0 Conjurations
 - Level 2.0 Summonings
 - Level 3.0 Translocations
 - Level 3.0 Fire Magic
 - Level 3.0 Air Magic
 - Level 1.0 Poison Magic


You had 13 spell levels left.
You knew the following spells:

 Your Spells              Type           Power        Failure   Level  Hunger
a - Magic Dart            Conj           ####         1%          1    None
b - Conjure Flame         Conj/Fire      ####....     3%          3    None
c - Mephitic Cloud        Conj/Pois/Air  ###.....     5%          3    None
w - Call Imp              Summ           ###.....     4%          2    None
y - Blink                 Tloc           N/A          3%          2    None

Your spell library contained the following spells:

 Spells                   Type           Power        Failure   Level  Hunger
 Slow                     Hex            #.......     11%         2    None


Dungeon Overview and Level Annotations

Branches:
Dungeon (8/15)             Temple (1/1) D:6
   Lair: D:8-11

Altars:
Elyvilon
Fedhas
Gozag
Hepliaklqana
Kikubaaqudgha
Nemelex Xobeh
Okawaru
Qazlal
Ru
Sif Muna
Trog
Uskayaw
Vehumet
Xom
Yredelemnul
Zin
The Shining One

Shops:
D:8 *


Innate Abilities, Weirdness & Mutations

You cannot wear most types of armour.
You are very stealthy in the water. (Stealth+)
You are amphibious.
You can wear up to eight rings at the same time.
You can use your tentacles to constrict eight enemies at once.
Your skin changes colour to match your surroundings (Stealth+).
Your rubbery body absorbs attacks. (AC +1, EV +1)


Message History

Vehumet accepts your kill. The bullfrog hits you.
* * * LOW HITPOINT WARNING * * *
The bullfrog hits you.
* * * LOW HITPOINT WARNING * * *
You are too injured to fight recklessly!
You closely miss the bullfrog. You grab the bullfrog. You squeeze the bullfrog!
The bullfrog is moderately wounded.
You constrict the bullfrog. The bullfrog hits you.
* * * LOW HITPOINT WARNING * * *
The orc hits you with a +0 short sword.
* * * LOW HITPOINT WARNING * * *
The bullfrog hits you.
* * * LOW HITPOINT WARNING * * *
The orc hits you with a +0 short sword.
* * * LOW HITPOINT WARNING * * *
A red film seems to cover your vision as you go berserk!
You feel yourself moving faster!
You feel mighty!
You constrict the bullfrog. The bullfrog hits you.
You die...

........##†# .####.
...####.##.##.# ..
#......?#### .
#..........#
#.##.##.##.# #.##.##.#
#o##....# # #o##.##.#
.##### #@§.....## ##....
#.F......... ##....#
#.#####.####
#.#.#.##########.#####.#
......................>#
.####<###.######.###.#.#
.####.# #.# .##
......###.#### .
..####.......#..


You could see a bullfrog, an orc priest and an orc.

Vanquished Creatures
  Sigmund (D:2)
  4 hogs (D:7)
  A hungry ghost (D:7)
  A human (D:7)
  3 vampire mosquitoes (D:8)
  Duvessa (D:4)
  An ice beast (D:5)
  A sky beast (D:7)
  3 orc warriors (D:6)
  2 phantoms
  2 centaurs
  3 ogres (D:5)
  5 bullfrogs
  A gnoll sergeant (D:6)
  Dowan (D:4)
  2 scorpions
  A howler monkey (D:4)
  A crimson imp (D:5)
  4 orc wizards
  2 hounds
  A jelly (D:7)
  3 orc priests
  A bullfrog skeleton (D:5)
  2 centaur skeletons
  9 worker ants
  2 iguanas
  A hound skeleton (D:6)
  13 gnolls
  A howler monkey zombie (D:7)
  A howler monkey skeleton (D:5)
  16 adders
  A shadow imp (D:7)
  15 oozes
  An adder skeleton (D:6)
  An adder zombie (D:5)
  14 leopard geckos
  23 orcs
  12 ball pythons
  12 bats
  15 giant cockroaches
  3 hobgoblins (D:2)
  10 jackals
  6 quokkas
  15 frilled lizards
  12 goblins
  11 kobolds
  3 leopard gecko skeletons
  7 rats
251 creatures vanquished.

Notes
Turn   | Place    | Note
-------+----------+-------------------------------------------
     0 | D:1      | Gunnerkreig the Octopode Wizard began the quest for the
                  | Orb.
     0 | D:1      | Reached XP level 1. HP: 11/11 MP: 4/4
   142 | D:1      | Reached XP level 2. HP: 18/18 MP: 1/6
   525 | D:1      | Reached skill level 1 in Fighting
   650 | D:1      | Reached XP level 3. HP: 23/23 MP: 4/7
   883 | D:1      | Learned a level 3 spell: Conjure Flame
   887 | D:1      | Learned a level 3 spell: Mephitic Cloud
   888 | D:2      | Noticed Sigmund
  1077 | D:2      | Found a bloodstained altar of Trog.
  1481 | D:2      | Killed Sigmund
  1481 | D:2      | Reached XP level 4. HP: 21/30 MP: 1/9
  1481 | D:2      | Reached XP level 5. HP: 24/35 MP: 1/10
  2156 | D:2      | Reached XP level 6. HP: 36/41 MP: 6/11
  2202 | D:2      | Reached skill level 5 in Stealth
  3237 | D:3      | Learned a level 2 spell: Blink
  3240 | D:3      | Learned a level 2 spell: Call Imp
  3337 | D:3      | Found a blossoming altar of Fedhas.
  3340 | D:3      | Found a stormy altar of Qazlal.
  3601 | D:4      | Noticed Dowan
  3616 | D:4      | Noticed Duvessa
  3660 | D:4      | Killed Duvessa
  3660 | D:4      | Reached XP level 7. HP: 39/46 MP: 1/13
  3785 | D:4      | Killed Dowan
  3945 | D:4      | Reached skill level 5 in Spellcasting
  4399 | D:4      | Reached skill level 5 in Conjurations
  4399 | D:4      | Reached XP level 8. HP: 31/54 MP: 4/15
  4523 | D:4      | Found a shimmering altar of Xom.
  4952 | D:4      | Found a glowing silver altar of Zin.
  5068 | D:5      | Entered Level 5 of the Dungeon
  5104 | D:5      | Found a glowing drain.
  5124 | D:5      | Reached skill level 1 in Poison Magic
  5165 | Sewer    | Entered a sewer
  5244 | Sewer    | Reached skill level 1 in Fire Magic
  5282 | Sewer    | Reached skill level 1 in Air Magic
  6826 | D:5      | Reached XP level 9. HP: 15/58 MP: 4/17
  7231 | D:5      | Found an opulent altar of Gozag.
  7231 | D:5      | Found a deep blue altar of Sif Muna.
  7246 | D:5      | Found an iron altar of Okawaru.
  8550 | D:6      | Reached skill level 5 in Fighting
  9206 | D:6      | Found a staircase to the Ecumenical Temple.
  9223 | Temple   | Entered the Ecumenical Temple
  9295 | Temple   | Became a worshipper of Vehumet
 10141 | D:7      | Reached XP level 10. HP: 57/68 MP: 4/20
 10564 | D:8      | Found Iggacint's Mass Market.
 10596 | D:8      | HP: 1/68 [vampire mosquito (11)]
 10601 | D:8      | Slain by a bullfrog

Levels and vault maps discovered:
D:1:      dpeg_arrival_windows_large_door, layout_rooms, st_stairs_10,
          minmay_misc_feat_tiny, minmay_fountain_box
D:2:      layout_basic, lemuel_crystal_altar, first_ration, uniq_sigmund
D:3:      layout_loops_corners, grunt_temple_overflow_forces_of_nature
D:4:      layout_basic, nicolae_overflow_crystal_walls, kennysheep_little_box,
          uniq_duvessa
D:5:      minmay_razor_zed, layout_basic, grunt_temple_overflow_open,
          gup_sewer_entry_glass, minmay_diced_spiral
D:6:      layout_basic, minmay_temple_entry_fiery
D:7:      layout_loops_ring, grunt_livestock
D:8:      layout_loops_cross, minmay_shop_mass
Temple:   dpeg_three_leaves_temple

Skill      XL: |  1  2  3  4  5  6  7  8  9 10 |
---------------+-------------------------------+-----
Stealth        | 3 4 5 6 7 |  7.2
Fighting       | 1 2 3 4 5 6 |  6.1
Conjurations   | 2 3 5 6 |  6.0
Spellcasting   | 4 5 7 |  7.8
Poison Magic   | 1 |  1.0
Fire Magic     | 3 |  3.0
Air Magic      | 3 |  3.0
Translocations | 3 |  3.0
Summonings     | 2 |  2.0
Dodging        | 4 |  4.9

Action                   |  1- 3 |  4- 6 |  7- 9 | 10-12 || total
-------------------------+-------+-------+-------+-------++-------
Melee: Unarmed           |     5 |       |       |       ||     5
       Constrict         |     4 |    17 |    62 |     4 ||    87
       Tentacles         |     3 |     4 |    31 |     2 ||    40
       Whip              |     8 |       |       |       ||     8
       Dagger            |     6 |    64 |       |       ||    70
       Short sword       |       |       |   216 |       ||   216
       Falchion          |       |       |    29 |    13 ||    42
Throw: Stone             |       |     6 |       |       ||     6
       Tomahawk          |       |       |     7 |       ||     7
 Cast: Magic Dart        |    71 |    35 |   171 |    26 ||   303
       Conjure Flame     |     1 |     4 |    20 |     3 ||    28
       Mephitic Cloud    |     1 |     4 |    17 |     1 ||    23
       Blink             |       |       |       |     1 ||     1
  Use: Scroll            |       |     7 |    13 |     1 ||    21
       Potion            |       |       |     1 |     3 ||     4
 Stab: Sleeping          |     3 |     5 |    16 |     3 ||    27
       Confused          |       |     1 |     1 |       ||     2
  Eat: Chunk             |     2 |     6 |    19 |     1 ||    28
       Ration            |       |       |     1 |       ||     1
Armor: Skin              |       |     7 |     7 |     2 ||    16
Dodge: Dodged            |    12 |    29 |   149 |    10 ||   200
       Rpst.: Falchion   |       |       |     8 |     2 ||    10

Table legend:
 A = Non-vault XP
 B = Vault XP
 C = Vault XP percentage of total XP
 D = Non-vault monster count
 E = Vault monster count
 F = Vault count percentage of total count
                 A         B        C        D         E       F
            +---------+---------+-------+---------+---------+-------
      Total |    3638 |    2372 |  39.5 |     168 |      83 |  33.1
            +---------+---------+-------+---------+---------+-------
        D:1 |      37 |       4 |   9.8 |      22 |       2 |   8.3
        D:2 |     101 |     205 |  67.0 |      31 |       1 |   3.1
        D:3 |      84 |       0 |   0.0 |      22 |       0 |   0.0
        D:4 |     652 |     234 |  26.4 |      23 |       2 |   8.0
        D:5 |     401 |     620 |  60.7 |      14 |      18 |  56.2
        D:6 |    1009 |       0 |   0.0 |      28 |       0 |   0.0
        D:7 |     657 |     911 |  58.1 |      18 |       5 |  21.7
        D:8 |     697 |       0 |   0.0 |      10 |       0 |   0.0
      Sewer |       0 |     398 | 100.0 |       0 |      55 | 100.0
            +---------+---------+-------+---------+---------+-------
